 Dungeon Crawl Stone Soup version 0.17.2-1-ge4368a0 (webtiles) character file.

68 Goblin1989 the Insei (level 4, 35/35 HPs)
             Began as a Demonspawn Monk on Nov 18, 2016.
             Quit the game on level 2 of the Dungeon.
             The game lasted 00:03:34 (1408 turns).

Goblin1989 the Insei (Demonspawn Monk)              Turns: 1408, Time: 00:03:35

Health: 35/35      AC:  8    Str: 12    XL:     4   Next: 1%
Magic:  4/4        EV:  7    Int: 11    God:
Gold:   68         SH:  0    Dex: 16    Spells: 0 memorised, 3 levels left

rFire  . . .     SeeInvis .       - Unarmed
rCold  . . .     Clarity  .     g - +0 chain mail
rNeg   . . .     SustAt   .     (no shield)
rPois  .         Gourm    .     (no helmet)
rElec  .         Spirit   .     (no cloak)
rCorr  .         Warding  .     (no gloves)
rMut   .         Stasis   .     (no boots)
MR     .....                    (no amulet)
Stlth  ..........               (no ring)
                                j - +1 ring of evasion

@: not resistant to hostile enchantments, extremely unstealthy
A: hooves 1, spiny 1
a: no special abilities


You were on level 2 of the Dungeon.
You were hungry.

You visited 1 branch of the dungeon, and saw 2 of its levels.

You collected 68 gold pieces.

Inventory:

Armour
 g - a +0 chain mail (worn)
Jewellery
 j - a +1 ring of evasion (left hand)
Scrolls
 c - 2 scrolls of recharging {unknown}
 d - 2 scrolls of remove curse {unknown}
 f - 2 scrolls of identify {unknown}
 k - a scroll of immolation {unknown}
 l - a scroll of amnesia {unknown}
 m - a scroll of random uselessness {unknown}
 n - a scroll of enchant weapon {unknown}
 o - a scroll of enchant armour {unknown}
 q - a scroll of fear {unknown}
Potions
 e - a potion of curing {unknown}
 h - a potion of resistance {unknown}
 p - a potion of mutation {unknown}
Comestibles
 a - 2 fruits
 b - a bread ration {@e1}
 i - a meat ration {@e2}


   Skills:
 - Level 3.0 Fighting
 - Level 2.6 Dodging
 - Level 1.7 Stealth
 + Level 5.1 Unarmed Combat


You had 3 spell levels left.
You didn't know any spells.

Dungeon Overview and Level Annotations

Branches:
Dungeon (2/15)

Altars:


Innate Abilities, Weirdness & Mutations

You have large cloven feet.
You are partially covered in sharp spines.


Message History

No target in view!
No target in view!
You see here a rat corpse.
Found a faded altar to an unknown god.
No target in view!
You now have 68 gold pieces (gained 10).
m - a scroll labeled YFRUATUSHRU You are feeling hungry.
A bat and a hobgoblin come into view.
The hobgoblin shouts!
The hobgoblin is struck by your spines.
You kill the hobgoblin!
The bat is struck by your spines.
You kill the bat!
You have reached level 4!
You feel agile.
Your demonic ancestry asserts itself...
Your feet thicken and deform.
You see here a hobgoblin corpse.
Health restored: 35; MP restored: 4 Are you sure you want to abandon this character and quit the game? (Confirm with "yes".)

.........█ ██.█
█........█ █..█.█
█........█ █.██^█
█.......... █.██.█
█......8...██.██.█
......8.8..██.██.█
÷....8.⌂.8.██.██.█
......8.8..██.██.█
██.....8....█.██@█
..............██.█
█...█████████.██.█
█...█ █....█
....███████


██████ ..........█ .█........█ .█........█ .█........█ There were no monsters in
sight!

Vanquished Creatures
  3 adders
  A worm (D:2)
  2 giant geckos (D:1)
  2 ball pythons
  A goblin (D:2)
  6 hobgoblins
  9 kobolds
  A quokka (D:2)
  4 bats
  3 giant newts
  5 rats
37 creatures vanquished.

Notes
Turn   | Place    | Note
--------------------------------------------------------------
     0 | D:1      | Goblin1989 the Demonspawn Monk began the quest for the Orb.
     0 | D:1      | Reached XP level 1. HP: 18/18 MP: 1/1
   406 | D:1      | Reached skill level 4 in Unarmed Combat
   426 | D:1      | Gained mutation: You are partially covered in sharp spines. [demonic ancestry]
   426 | D:1      | Reached XP level 2. HP: 16/24 MP: 2/2
   736 | D:1      | Reached XP level 3. HP: 29/29 MP: 3/3
  1128 | D:2      | Reached skill level 5 in Unarmed Combat
  1369 | D:2      | Found a faded altar to an unknown god.
  1407 | D:2      | Gained mutation: You have large cloven feet. [demonic ancestry]
  1407 | D:2      | Reached XP level 4. HP: 35/35 MP: 4/4
  1408 | D:2      | Quit the game

Action                   |  1- 3 |  4- 6 || total
-------------------------+-------+-------++-------
Melee: Unarmed           |    69 |       ||    69
 Stab: Sleeping          |     2 |       ||     2
  Eat: Chunk             |     1 |       ||     1

Vault maps used:
D:1:      sevenhm_arrival_forest_fort_large_4
D:2:      ecumenical_altar_2, minmay_misc_feat_ornament
